 Dungeon Crawl Stone Soup version 0.19-a0-1170-g18f0c96 (webtiles) character file.

29 jacquesderrida the Cudgeler (level 3, 4/30 HPs)
             Began as a Minotaur Warper on Aug 17, 2016.
             Quit the game on level 4 of the Dungeon.
             The game lasted 00:02:22 (778 turns).

jacquesderrida the Cudgeler (Minotaur Warper)        Turns: 778, Time: 00:02:22

Health: 4/30       AC:  3    Str: 13 (15) XL:     3   Next: 1%
Magic:  4/4        EV: 12    Int: 10      God:
Gold:   110        SH:  0    Dex:  9 (10) Spells: 1 memorised, 3 levels left

rFire  . . .     SeeInvis .     a - +0 mace
rCold  . . .     Gourm    .     b - +0 leather armour
rNeg   . . .     Faith    .     (no shield)
rPois  .         Spirit   .     (helmet restricted)
rElec  .         Dismiss  .     (no cloak)
rCorr  .         Reflect  .     (no gloves)
MR     .....     Harm     .     (no boots)
Stlth  +.........               (no amulet)
                                (no ring)
                                (no ring)

@: lethally poisoned (4 -> -4)
A: retaliatory headbutt, horns 2
a: no special abilities


You were on level 4 of the Dungeon.
You were not hungry.

You visited 1 branch of the dungeon, and saw 4 of its levels.

You collected 110 gold pieces.

Inventory:

Hand Weapons
 a - a +0 mace (weapon)
Missiles
 e - 5 tomahawks of dispersal (quivered)
Armour
 b - a +0 leather armour (worn)
Scrolls
 d - a scroll of blinking
 g - a scroll of recharging {unknown}
 h - 3 scrolls of immolation {unknown}
 i - a scroll of random uselessness {unknown}
 j - a scroll of identify {unknown}
Potions
 k - a potion of curing
Books
 c - a book of Spatial Translocations

   Spells                             Type                      Level
   a - Apportation                    Translocation                1
   b - Blink                          Translocation                2
   c - Shroud of Golubria             Charms/Translocation         2
   d - Portal Projectile              Translocation                3
   e - Teleport Other                 Translocation                3
   f - Passage of Golubria            Translocation                4
Comestibles
 f - 3 bread rations


   Skills:
 - Level 2.4 Fighting
 + Level 4.2 Maces & Flails
 - Level 1.0 Throwing
 - Level 1.2 Armour
 - Level 2.1 Dodging
 - Level 1.3 Spellcasting
 - Level 2.1 Translocations


You had 3 spell levels left.
You knew the following spells:

 Your Spells              Type           Power        Failure   Level  Hunger
a - Apportation           Tloc           #.........   17%         1    ##.....


Dungeon Overview and Level Annotations

Branches:
Dungeon (4/15)
 Temple: D:4-7

Altars:


Innate Abilities, Weirdness & Mutations

You reflexively headbutt those who attack you in melee.
You have a pair of horns on your head.


Message History

The worker ant twitches its antennae in your direction.
Found a stone staircase leading up.
You aren't carrying any items that you can evoke.
Okay, then.
The worker ant bites you. The worker ant barely misses you.
You closely miss the worker ant. Your headbutt misses the worker ant.
The worker ant bites you but does no damage.
You hit the worker ant.
The worker ant is lightly wounded.
The worker ant completely misses you. You furiously retaliate!
You headbutt the worker ant, but do no damage.
You barely miss the worker ant.
The worker ant is lightly wounded.
The worker ant misses you. You furiously retaliate!
You headbutt the worker ant, but do no damage.
The worker ant bites you.
* * * LOW HITPOINT WARNING * * *
You are lethally poisoned!
The worker ant poisons you!
Are you sure you want to abandon this character and quit the game? (Confirm with "yes".)

########## .........#
.........## .<........
.............#
###.............#
......(.(.....a.#
........<....@.#
#.............#
#.............#
#.............#
#.......<.....#
#...†.........#######
#...................##
#.......#..########..#
##.####.#..#########.#


You could see a worker ant.

Vanquished Creatures
  An adder (D:4)
  A worm (D:3)
  A ball python (D:3)
  2 goblins
  2 hobgoblins
  2 jackals
  A kobold (D:3)
  A quokka (D:3)
  A bat (D:1)
  A giant newt (D:4)
  4 rats
17 creatures vanquished.

Notes
Turn   | Place    | Note
-------+----------+-------------------------------------------
     0 | D:1      | jacquesderrida the Minotaur Warper began the quest for the Orb.
     0 | D:1      | Reached XP level 1. HP: 18/18 MP: 1/1
   341 | D:2      | Reached skill level 3 in Maces & Flails
   418 | D:3      | Noticed an orc priest
   425 | D:3      | Reached XP level 2. HP: 21/25 MP: 3/3
   730 | D:4      | Reached skill level 4 in Maces & Flails
   730 | D:4      | Reached XP level 3. HP: 12/30 MP: 4/4
   778 | D:4      | Quit the game

Vault maps used:
D:1:      nicolae_arrival_memento_mori
D:3:      kennysheep_six_static_rooms
D:4:      wad_lake_hut, serial_shops,
          nicolae_shop_temple_entry_statues_fountains, lemuel_old_faithful

Skill      XL: |  1  2 |
---------------+-------+-----
Maces & Flails | 3 4 |  4.2
Fighting       | |  2.4
Throwing       | |  1.0
Armour         | |  1.2
Dodging        | |  2.1
Spellcasting   | |  1.3
Translocations | |  2.1

Action                   || total
-------------------------++-------
Melee: Mace              ||    33
       Headbutt          ||     3
  Use: Potion            ||     4
Armor: Leather armour    ||    11
Dodge: Dodged            ||    29
